 Dungeon Crawl Stone Soup version 0.30.0-19-g36f170ea60 (webtiles) character file.

Game seed: 9046098696023197871

95 appezilla the Poker (level 4, -3/34 HPs)
             Began as a Merfolk Gladiator on May 30, 2023.
             Was a Priest of Zin.
             Killed by nerve-wracking pain
             ... invoked by Grinder
              (9 damage)
             ... on level 3 of the Dungeon.
             The game lasted 00:31:52 (2648 turns).

appezilla the Poker (Merfolk Gladiator)             Turns: 2648, Time: 00:31:53

Health: -3/34      AC:  5    Str: 16    XL:     4   Next: 66%
Magic:  4/4        EV: 13    Int:  7    God:    Zin [***...]
Gold:   144        SH:  0    Dex: 15    Spells: 3/3 levels left

rFire   . . .        a - +1 trident (freeze)
rCold   . . .        (no shield)
rNeg    . . .        b - +0 leather armour
rPois   .            x - +1 helmet
rElec   .            (no cloak)
rCorr   +            (no gloves)
SInv    .            (no boots)
Will    .....        (no amulet)
Stlth   +            w - ring of resist corrosion
HPRegen 0.25/turn    (no ring)
MPRegen 0.09/turn

%: no passive effects
@: no status effects
A: (nimble swimmer 2), mertail
a: Renounce Religion, Recite, Vitalisation, Imprison, Donate Gold


You were on level 3 of the Dungeon.
You worshipped Zin.
Zin was most pleased with you.
You visited 1 branch of the dungeon, and saw 3 of its levels.

You collected 159 gold pieces.
You donated 15 gold pieces to Zin.

Inventory:

Hand Weapons
 a - a +1 trident of freezing (weapon)
 f - a +0 whip
 h - a +0 short sword
 l - a +0 rapier
 m - a +0 dagger
 p - a +0 club
 q - a +0 dagger
 t - a +0 whip
 u - a +0 flail
 D - a +0 club
 J - a +0 dagger
 L - a +2 dagger of holy wrath
Missiles
 d - 2 throwing nets (quivered)
 e - a javelin
 g - 50 stones
 F - 2 poisoned darts
Armour
 b - a +0 leather armour (worn)
 c - a +0 helmet
 k - a +0 robe
 r - a +0 leather armour
 s - a +0 ring mail
 v - a +0 robe
 x - a +1 helmet (worn)
 y - a +0 scale mail
 I - a +0 buckler
 K - a +0 ring mail
Jewellery
 w - a ring of resist corrosion (left hand)
Scrolls
 o - 4 scrolls of identify
 A - 2 scrolls of teleportation {unknown}
 B - a scroll of blinking {unknown}
 C - a scroll of fog {unknown}
 E - a scroll of magic mapping {unknown}
 G - a scroll of enchant weapon
 H - 3 scrolls of summoning {unknown}
Potions
 i - 2 potions of haste
 j - a potion of curing {unknown}
 n - a potion of berserk rage {unknown}
 z - a potion of attraction {unknown}


   Skills:
 + Level 2.4 Fighting
 + Level 5.9 Polearms
 + Level 2.2 Throwing
 + Level 0.3 Armour
 + Level 4.8 Dodging


You had 3 spell levels left.
You didn't know any spells.
Your spell library contained the following spells:

 Spells                   Type           Power      Damage    Failure   Level
 Apportation              Tloc           0%         N/A       50%         1
 Necrotise                Necr           0%         1d4       50%         1
 Summon Small Mammal      Summ           0%         N/A       50%         1


Dungeon Overview and Level Annotations

Branches:
Dungeon (3/15)

Altars:
Zin

Shops:
D:1 =:[:

Annotations:
D:3 Grinder


Innate Abilities, Weirdness & Mutations

((You are very nimble when in or above water. (Stealth+, EV+, Speed+++)))
Your lower body shifts to a powerful aquatic tail in water.


Message History

There is a stone staircase leading down here.
There is a stone staircase leading down here.
You climb downwards.
There is a stone staircase leading up here.
Grinder comes into view.
Grinder shouts!
You hear an angry hiss.
Grinder blinks!
Found a throwing net.
A goblin comes into view. It is wielding a +0 club.
Grinder closely misses you.
The goblin shouts!
You puncture Grinder!
Grinder is moderately wounded.
Grinder hits you!
You writhe in agony.
You closely miss Grinder.
Grinder is moderately wounded.
Grinder gestures at you.
You suddenly lose the ability to move!
Grinder hits you.
You writhe in agony.
You can move again.
You closely miss Grinder.
Grinder is moderately wounded.
Grinder hits you.
You writhe in agony.
You hit Grinder.
Grinder is moderately wounded.
Grinder closely misses you.
You hit Grinder.
Grinder is moderately wounded.
Grinder completely misses you. The goblin hits you but does no damage.
You hit Grinder but do no damage.
Grinder is moderately wounded.
Grinder gestures at you. Pain shoots through your body!
* * * LOW HITPOINT WARNING * * *
The goblin closely misses you.
You hit Grinder.
Grinder is heavily wounded.
Grinder gestures at you. Pain shoots through your body!
You die...

###################
#<................###
#.#####..########....
#.#####..# ###..
#.##.....# #.#
#.##.##.## #.#
#.##.##.#### #.#
#....g...... #.#
##.#@###...( #.#
#.#5# . #.. #.#.. #..
#.##.# #.# #.# .. #.
#.. ... #. #.# ..#
#.# .## ##.. #####...


You could see Grinder and a goblin.

Vanquished Creatures
  3 adders
  A worm (D:2)
  2 dart slugs (D:3)
  2 orcs (D:3)
  3 bats
  3 endoplasms
  3 giant cockroaches
  4 goblins
  6 hobgoblins
  4 jackals (D:1)
  2 quokkas (D:2)
  10 ball pythons
  3 frilled lizards
  5 kobolds
  9 rats
60 creatures vanquished.

Notes
Turn   | Place    | Note
-------+----------+-------------------------------------------
     0 | D:1      | appezilla the Merfolk Gladiator began the quest for the
                  | Orb.
     0 | D:1      | Reached XP level 1. HP: 16/16 MP: 1/1
   131 | D:1      | Reached XP level 2. HP: 20/22 MP: 2/2
   189 | D:1      | Found Eriwodem's Jewellery Emporium.
   312 | D:2      | Reached XP level 3. HP: 4/27 MP: 3/3
   450 | D:2      | Found a faded altar of an unknown god.
   458 | D:2      | Prayed at the altar of an unknown god.
   458 | D:2      | Became a worshipper of Zin the Law-Giver
   458 | D:2      | Reached * piety under Zin
   508 | D:2      | Reached skill level 5 in Polearms
   679 | D:3      | Reached XP level 4. HP: 30/33 MP: 4/4
   695 | D:3      | Reached ** piety under Zin
  1029 | D:2      | Reached *** piety under Zin
  1219 | D:1      | Found Kiuwupsi's Book Shoppe.
  1360 | D:1      | Found Raixad's Book Boutique.
  1395 | D:1      | Found Mes Byos's Armour Shop.
  2635 | D:3      | Noticed Grinder
  2642 | D:3      | Paralysed by Grinder for 2 turns
  2648 | D:3      | Killed from afar by Grinder

Illustrated notes

Levels and vault maps discovered:
D:1:      dpeg_arrival_chambers_temple_mockup, layout_basic, serial_shops,
          nicolae_lakefront_shop, nicolae_diamond_shop,
          nicolae_shop_rolling_square, shop
D:2:      layout_basic, hellmonk_ecumenical_altar_slurped_away
D:3:      layout_loops_cross, minmay_joined_circles, uniq_grinder

Skill      XL: |  1  2  3 |
---------------+----------+-----
Polearms       | 5 |  5.9
Fighting       | |  2.4
Throwing       | |  2.2
Armour         | |  0.3
Dodging        | |  4.8

Action                     |  1- 3 |  4- 6 || total
---------------------------+-------+-------++-------
  Melee: Trident           |    68 |    69 ||   137
  Throw: Throwing net      |     2 |     1 ||     3
    Use: Scroll            |     4 |       ||     4
         Potion            |     1 |       ||     1
 Armour: Leather armour    |     9 |    21 ||    30
  Dodge: Dodged            |    48 |    57 ||   105
